 Dungeon Crawl Stone Soup version 0.29.1-1-gd02db6906a (webtiles) character file.

Game seed: 16271546943172760214

63 lonewolfV2 the Cutter (level 3, -2/19 HPs)
             Began as a Vampire Gladiator on Oct 14, 2022.
             Slain by an adder (4 damage)
             ... on level 3 of the Dungeon.
             The game lasted 00:03:36 (2273 turns).

lonewolfV2 the Cutter (Vampire Gladiator)           Turns: 2273, Time: 00:03:37

Health: -2/19      AC:  0    Str: 11 (13) XL:     3   Next: 87%
Magic:  3/3        EV: 21    Int:  8 (10) God:
Gold:   40         SH:  0    Dex: 20 (22) Spells: 2/2 levels left

rFire   . . .      SeeInvis +   (weapon currently unavailable)
rCold   + + .      Faith    .   (shield currently unavailable)
rNeg    + + +      Spirit   .   (body armour currently unavailable)
rPois   ∞          Reflect  .   (helmet currently unavailable)
rElec   .          Harm     .   (cloak currently unavailable)
rCorr   .          Rampage  .   (gloves currently unavailable)
Will    .....                   (boots currently unavailable)
Stlth   ++++......              (no amulet)
HPRegen 0.00/turn               (ring currently unavailable)
MPRegen 0.08/turn               (ring currently unavailable)

@: bat-form, flying, bloodless, inhibited regen, very quick
A: fast, flying, no casting, tiny, bloodless, fangs 3, see invisible, vampiric
2, [frail 1]
a: Revivify, End Transformation


You were on level 3 of the Dungeon.
You were a vampire bat.
You visited 1 branch of the dungeon, and saw 3 of its levels.

You collected 40 gold pieces.

Inventory:

Hand Weapons
 a - a +0 rapier (melded)
Missiles
 d - 3 throwing nets (quivered)
 e - a javelin
Armour
 b - a +0 leather armour (melded)
 c - a +0 helmet (melded)
Scrolls
 j - 2 scrolls of amnesia
 l - a scroll of poison
Potions
 f - a potion of attraction
 g - a potion of lignification {unknown}
 h - a potion of ambrosia {unknown}
 i - a potion of might {unknown}
 k - a potion of heal wounds {unknown}
 n - a potion of degeneration {unknown}
 o - a potion of curing {unknown}


   Skills:
 + Level 2.3 Fighting
 + Level 4.1 Short Blades
 + Level 1.6 Throwing
 + Level 0.7 Armour
 + Level 3.7 Dodging
 + Level 1.8 Stealth


You had 2 spell levels left.
You didn't know any spells.
Your spell library contained the following spells:

 Spells                   Type           Power      Damage    Failure   Level
 Magic Dart               Conj           0%         1d3       41%         1
 Sandblast                Erth           0%         2d4       41%         1
 Call Imp                 Summ           0%         N/A       54%         2
 Passwall                 Tmut/Erth      0%         N/A       54%         2
 Mephitic Cloud           Conj/Pois/Air  0%         N/A       78%         3
 Stone Arrow              Conj/Erth      0%         3d7       78%         3


Dungeon Overview and Level Annotations

Branches:
Dungeon (3/15)

Altars:
Cheibriados


Innate Abilities, Weirdness & Mutations

You are a vampire bat.
You are tiny and dextrous.
You move quickly.
You are flying.
You are immune to poison.
Your equipment is almost entirely melded.
You are incapable of wielding weapons or throwing items.
You cannot cast spells.
You do not regenerate when monsters are visible.
You are frail without blood (-20% HP).
You can heal yourself when you bite living creatures.
You are immune to poison.
You have razor-sharp teeth.
You have supernaturally acute eyesight. (SInv)
You are afflicted with vampirism and can become a bat while bloodless.
[You are frail. (-10% HP)]


Message History

You hit the giant cockroach but do no damage.
The giant cockroach bites you.
You barely miss the giant cockroach. The adder completely misses you.
The giant cockroach misses you.
You hit the giant cockroach but do no damage.
The adder bites you. The giant cockroach closely misses you.
You hit the giant cockroach but do no damage.
The adder completely misses you. The giant cockroach bites you.
The adder barely misses you.
You hit the giant cockroach.
The giant cockroach is moderately wounded.
The giant cockroach completely misses you.
The adder closely misses you.
The giant cockroach completely misses you.
You hit the giant cockroach but do no damage.
You bite the giant cockroach, but do no damage.
The giant cockroach is moderately wounded.
The adder misses you. The giant cockroach misses you.
You hit the giant cockroach but do no damage.
The giant cockroach is moderately wounded.
The adder bites you. The giant cockroach barely misses you.
The adder bites you.
You hit the giant cockroach but do no damage.
The giant cockroach is moderately wounded.
The giant cockroach closely misses you. The adder misses you.
You barely miss the giant cockroach.
You bite the giant cockroach, but do no damage.
The giant cockroach is moderately wounded.
The giant cockroach completely misses you.
The adder barely misses you.
You hit the giant cockroach but do no damage.
You bite the giant cockroach.
You kill the giant cockroach!
The adder completely misses you.
You see here a giant cockroach corpse.
You barely miss the adder. The adder misses you. The adder bites you.
* * * LOW HITPOINT WARNING * * *
You closely miss the adder. The adder closely misses you.
You closely miss the adder. The adder bites you.
You die...

..# ##..# .:..
#..# #.)# #..#
#..# ### #S.#
.... #b.# .#
#..##..###....
#..........#
#...#..###.#
......#..<...#
###...)..#.#.#
##.#.....#
#...#....
#.........


You could see an adder.

Vanquished Creatures
  Terence (D:2)
  A worm (D:2)
  3 dart slugs (D:1)
  3 ball pythons
  An endoplasm (D:1)
  A giant cockroach (D:3)
  2 goblins
  3 hobgoblins (D:2)
  2 kobolds (D:2)
  3 quokkas
  A frilled lizard (D:2)
  7 rats
28 creatures vanquished.

Notes
Turn   | Place    | Note
-------+----------+-------------------------------------------
     0 | D:1      | lonewolfV2 the Vampire Gladiator began the quest for the
                  | Orb.
     0 | D:1      | Reached XP level 1. HP: 16/16 MP: 1/1
   141 | D:1      | Reached XP level 2. HP: 17/17 MP: 2/2
   944 | D:2      | Found a snail-covered altar of Cheibriados.
  1118 | D:2      | Found a faded altar of an unknown god.
  1217 | D:2      | Gained mutation: You are afflicted with vampirism and can
                  | become a bat while bloodless. [Vampire growth]
  1217 | D:2      | Reached XP level 3. HP: 11/21 MP: 3/3
  1218 | D:2      | Reached skill level 1 in Stealth
  1730 | D:2      | Noticed Terence
  1754 | D:2      | Killed Terence
  1755 | D:2      | Reached skill level 4 in Short Blades
  2273 | D:3      | Slain by an adder

Illustrated notes

Levels and vault maps discovered:
D:1:      saegor_arrival_simple_b, layout_loops_corners
D:2:      layout_rooms, dreamdust_ecumenical_altar_angels_and_demons,
          basic_altar, uniq_terence
D:3:      layout_basic, mainiacjoe_overflow_catwalk, okawaru_altar_gauntlet_db

Skill      XL: |  1  2  3 |
---------------+----------+-----
Fighting       | 2 |  2.3
Stealth        | 1 |  1.8
Short Blades   | 4 |  4.1
Throwing       | |  1.6
Armour         | |  0.7
Dodging        | |  3.7

Action                   || total
-------------------------++-------
Melee: Rapier            ||    83
       Bite              ||    12
       Unarmed           ||    16
 Abil: Exsanguinate      ||     2
       Bat Form          ||     1
       Revivify          ||     1
  Use: Scroll            ||     4
 Stab: Sleeping          ||     7
Armor: Leather armour    ||    12
Dodge: Dodged            ||    69
